 Dungeon Crawl Stone Soup version 0.32-a0-921-g04a7ad8e02 (webtiles) character file.

Game seed: 4060701182633518295

2279 Mlask the Grappler (level 9, -3/84 HPs)
             Began as a Troll Gladiator on Apr 12, 2024.
             Was a Believer of Uskayaw.
             Slain by a two-headed ogre
             ... wielding a +0 giant club
              (34 damage)
             ... on level 6 of the Dungeon.
             The game lasted 00:08:58 (4510 turns).

Mlask the Grappler (Troll Gladiator)                Turns: 4510, Time: 00:08:59

Health: -3/84      AC:  4    Str: 28    XL:     9   Next: 16%
Magic:  9/9        EV: 11    Int:  4    God:    Uskayaw [**....]
Gold:   216        SH:  0    Dex: 17    Spells: 8/8 levels left

rFire   . .          .
                       - Unarmed
rCold   . . .        (no shield)
rNeg    . . .        a - +0 robe
rPois   .            b - +0 hat
rElec   .            j - scarf {repulsion}
rCorr   .            (gloves unavailable)
SInv    .            (boots unavailable)
Will    .....        C - amulet of faith
Stlth   ++           r - +6 ring of dexterity
HPRegen 1.14/turn    (no ring)
MPRegen 0.11/turn

%: repel missiles, faith
@: no status effects
A: large, unfitting armour, claws 3, regeneration 1, shaggy fur 1, tough skin 1
a: Renounce Religion, Stomp, Line Pass


You were on level 6 of the Dungeon.
You worshipped Uskayaw.
Uskayaw was noncommittal.
You visited 2 branches of the dungeon, and saw 7 of its levels.
You also visited: Sewer.

You collected 216 gold pieces.

Inventory:

Hand Weapons
 v - a +2 whip of flaming
 x - a +0 heavy sling
Missiles
 c - 3 throwing nets (quivered)
 d - a large rock
 u - a curare-tipped dart
Armour
 a - a +0 robe (worn)
 b - a +0 hat (worn)
 j - a scarf of repulsion (worn)
Jewellery
 r - a +6 ring of dexterity (left claw)
 C - an amulet of faith (around neck)
Wands
 s - a wand of flame (26)
 B - a wand of digging (7)
Scrolls
 e - 2 scrolls of noise {unknown}
 f - 3 scrolls of revelation
 p - a scroll of fear
 q - a scroll of blinking
 t - 4 scrolls of teleportation
 w - a scroll of enchant armour
 y - a scroll of poison
Potions
 g - 2 potions of haste {unknown}
 h - a potion of ambrosia {unknown}
 i - 2 potions of might {unknown}
 k - 2 potions of cancellation {unknown}
 l - 3 potions of curing {unknown}
 m - a potion of lignification {unknown}
 n - 4 potions of heal wounds {unknown}
 o - a potion of brilliance {unknown}
 z - 3 potions of mutation {unknown}
 A - 2 potions of enlightenment {unknown}
 D - a potion of degeneration {unknown}


   Skills:
 * Level 3.7 Fighting
 - Level 1.7 Throwing
 * Level 5.5 Dodging
 * Level 10.1 Unarmed Combat
 * Level 1.5 Invocations


You had 8 spell levels left.
You didn't know any spells.
Your spell library contained the following spells:

 Spells                   Type           Power      Damage    Failure   Level
 Slow                     Hex            0%         N/A       50%         1
 Jinxbite                 Hex            0%         N/A       65%         2
 Confusing Touch          Hex            0%         N/A       86%         3
 Vampiric Draining        Necr           0%         2d6       86%         3
 Iskenderun's Battlesphe  Conj           0%         2d6       100%        5
 Yara's Violent Unravell  Hex/Alch       0%         3d3       100%        5
 Bombard                  Conj/Erth      0%         9d1       100%        6
 Enfeeble                 Hex            0%         N/A       100%        7
 Spellforged Servitor     Conj/Summ      0%         N/A       100%        7


Dungeon Overview and Level Annotations

Branches:
Dungeon (6/15)             Temple (1/1) D:5           Sewer (visited)

Altars:
Ashenzari
Dithmenos
Elyvilon
Fedhas
Gozag
Hepliaklqana
Kikubaaqudgha
Makhleb
Nemelex Xobeh
Qazlal
Ru
Sif Muna
Trog
Uskayaw
Vehumet
Zin


Innate Abilities, Weirdness & Mutations

You are too large for most types of armour.
You have claws for hands.
Your natural rate of healing is unusually fast.
You are covered in fur. (AC +1)
You have tough skin. (AC +1)


Message History

You scratch the two-headed ogre.
The two-headed ogre is moderately wounded.
You can now pass through a line of other dancers.
You barely miss the two-headed ogre.
The two-headed ogre is moderately wounded.
The two-headed ogre hits you with a +0 giant club!!
The two-headed ogre hits you with a +0 giant club!
You are too injured to fight recklessly!
You are too injured to fight recklessly!
You are too injured to fight recklessly!
You are too injured to fight recklessly!
You are too injured to fight recklessly!
You are too injured to fight recklessly!
You are too injured to fight recklessly!
You are too injured to fight recklessly!
You are too injured to fight recklessly!
You are too injured to fight recklessly!
You are too injured to fight recklessly!
You are too injured to fight recklessly!
You are too injured to fight recklessly!
You are too injured to fight recklessly!
You are too injured to fight recklessly!
You are too injured to fight recklessly!
You are too injured to fight recklessly!
You are too injured to fight recklessly!
Unknown command.
You barely miss the two-headed ogre.
The two-headed ogre is moderately wounded.
Throw: 4 throwing nets
Press: ? - help, Q - select action, (/) - cycle Shift-Dir - straight line, f - two-headed ogre
Aim: a two-headed ogre, wielding two +0 giant clubs (moderately wounded, 73% to hit)
Okay, then.
Throw: 4 throwing nets
Press: ? - help, Q - select action, (/) - cycle Shift-Dir - straight line, f - two-headed ogre
Aim: a two-headed ogre, wielding two +0 giant clubs (moderately wounded, 73% to hit)
You throw a throwing net.
The throwing net barely misses the two-headed ogre.
The two-headed ogre hits you with a +0 giant club!!
You die...
Your body falls in perfect tune with the rhythm.

#### ######.(. #
......<.# ### ###
........# #.####..
.......O# ###.##...#
.......@#######...#..###
....................###
......................##
...........####.....#...
............###.....####
.........#............#.
...................)....
..###+###..##..........#
####........####


You could see a two-headed ogre.

Vanquished Creatures
  Sigmund (D:4)
  An orc warrior (D:5)
  An ice beast (D:5)
  2 black bears
  2 centaurs (D:6)
  3 phantoms (D:5)
  7 kobold brigands (Sewer)
  3 scorpions
  3 wights (D:5)
  3 bombardier beetles
  3 hounds
  An orc priest (D:3)
  Ijyb (D:4)
  Robin (D:3)
  3 gnolls (D:3)
  12 adders
  2 river rats (Sewer)
  2 ufetubi (D:5)
  3 dart slugs
  8 ribbon worms
  11 orcs
  5 endoplasms
  2 giant cockroaches
  19 goblins
  6 hobgoblins
  3 jackals (D:4)
  6 quokkas
  8 ball pythons
  6 bats
  3 frilled lizards
  12 kobolds
  6 rats
149 creatures vanquished.

Notes
Turn   | Place    | Note
-------+----------+-------------------------------------------
     0 | D:1      | Mlask the Troll Gladiator began the quest for the Orb.
     0 | D:1      | Reached XP level 1. HP: 19/19 MP: 0/0
   118 | D:1      | Reached XP level 2. HP: 27/27 MP: 1/1
   435 | D:1      | Found a faded altar of an unknown god.
   689 | D:2      | Reached XP level 3. HP: 32/35 MP: 2/2
  1387 | D:3      | Reached skill level 4 in Unarmed Combat
  1388 | D:3      | Reached XP level 4. HP: 29/42 MP: 3/3
  1426 | D:3      | Found a glowing drain.
  1436 | Sewer    | Entered a sewer
  1548 | Sewer    | Noticed a kobold brigand
  1559 | Sewer    | Killed a kobold brigand
  1560 | Sewer    | Reached XP level 5. HP: 19/49 MP: 4/4
  1622 | Sewer    | Reached skill level 5 in Unarmed Combat
  1697 | Sewer    | Reached XP level 6. HP: 56/58 MP: 5/5
  1905 | Sewer    | Reached skill level 6 in Unarmed Combat
  2012 | Sewer    | Reached XP level 7. HP: 60/66 MP: 6/6
  2257 | D:3      | Reached skill level 7 in Unarmed Combat
  2265 | D:3      | Noticed Robin
  2314 | D:3      | Killed Robin
  2617 | D:4      | Found a stormy altar of Qazlal.
  2709 | D:4      | Noticed Ijyb
  2721 | D:4      | Killed Ijyb
  2749 | D:4      | Noticed Sigmund
  2763 | D:4      | Killed Sigmund
  2764 | D:4      | Reached XP level 8. HP: 75/75 MP: 7/7
  2794 | D:4      | Reached skill level 8 in Unarmed Combat
  3037 | D:4      | Found a shadowy altar of Dithmenos.
  3176 | D:4      | Reached skill level 5 in Dodging
  3481 | D:5      | Entered Level 5 of the Dungeon
  3586 | D:5      | Found a staircase to the Ecumenical Temple.
  3594 | Temple   | Entered the Ecumenical Temple
  3601 | Temple   | Became a worshipper of Uskayaw the Reveller
  3620 | D:5      | Reached * piety under Uskayaw
  3659 | D:5      | Reached ** piety under Uskayaw
  3714 | D:5      | Reached skill level 9 in Unarmed Combat
  3848 | D:5      | Reached *** piety under Uskayaw
  3850 | D:5      | Reached **** piety under Uskayaw
  3955 | D:5      | Reached skill level 1 in Invocations
  4218 | D:5      | Reached XP level 9. HP: 77/82 MP: 8/8
  4221 | D:5      | Reached ***** piety under Uskayaw
  4444 | D:6      | Found a shimmering blue altar of Sif Muna.
  4448 | D:6      | Reached skill level 10 in Unarmed Combat
  4504 | D:6      | Noticed a two-headed ogre
  4510 | D:6      | Slain by a two-headed ogre

Illustrated notes

Levels and vault maps discovered:
D:1:      roderic_crop_circles_arrival_small, layout_loops_cross,
          shapermc_ecumenical_altar_pompeii
D:2:      layout_basic
D:3:      layout_rooms, portal_sewer_entry_f, uniq_robin
D:4:      layout_basic, grunt_dithmenos_smoke,
          mainiacjoe_overflow_concentric_impassable, uniq_ijyb, uniq_sigmund
D:5:      nicolae_BIG_FREAKIN_CUBE, layout_basic, minmay_checkerbox
D:6:      layout_rooms, nicolae_sif_muna_condensation,
          gammafunk_temple_overflow_pools
Temple:   nicolae_temple_bog_church

Skill      XL: |  1  2  3  4  5  6  7  8  9 |
---------------+----------------------------+-----
Dodging        | 3 4 5 |  5.5
Unarmed Combat | 4 5 6 7 9 10 | 10.1
Fighting       | 2 3 |  3.7
Invocations    | 1 |  1.5
Throwing       | |  1.7

Action                     |  1- 3 |  4- 6 |  7- 9 || total
---------------------------+-------+-------+-------++-------
  Melee: Unarmed           |    59 |    88 |   235 ||   382
         Punch             |       |     6 |     7 ||    13
  Throw: Throwing net      |       |       |     1 ||     1
    Use: Scroll            |     1 |     1 |     5 ||     7
   Stab: Sleeping          |     4 |       |     1 ||     5
         Paralysed         |       |       |     4 ||     4
 Armour: Robe              |    36 |    64 |   160 ||   260
  Dodge: Dodged            |    31 |    57 |   151 ||   239
         Repelled          |       |     5 |    12 ||    17

Table legend: (Time is in decaauts)
 A = Elapsed time spent in this place.
 B = Non-inter-level travel time spent in this place.
 C = Inter-level travel time spent in this place.
 D = Time resting spent in this place.
 E = Time spent auto-exploring this place.
 F = Levels seen in this place.
 G = Mean time per level.
                   A        B        C        D        E       F      G
               +--------+--------+--------+--------+--------+-----+--------+
         Total |   4480 |   4381 |     99 |    489 |   2907 |   8 |  560.0 |
       Dungeon |   3740 |   3641 |     99 |    355 |   2536 |   6 |  623.3 |
        Temple |     19 |     19 |      0 |      0 |      0 |   1 |   19.0 |
         Sewer |    719 |    719 |      0 |    133 |    371 |   1 |  719.0 |
               +--------+--------+--------+--------+--------+-----+--------+

Top non-repeatable levels by time:
     D:5: 930 daAuts
     D:4: 859 daAuts
   Sewer: 719 daAuts
     D:2: 718 daAuts
     D:1: 680 daAuts
     D:3: 485 daAuts
     D:6: 66 daAuts
  Temple: 19 daAuts
